 Dungeon Crawl Stone Soup version 0.21-a0-201-g8501b10 (webtiles) character file.

1313 KristoblXynda the Covert (level 8, -12/62 HPs)
             Began as a Naga Enchanter on Aug 18, 2017.
             Mangled by a two-headed ogre
             ... wielding a +0 giant spiked club
              (26 damage)
             ... on level 8 of the Dungeon.
             The game lasted 00:16:19 (6392 turns).

KristoblXynda the Covert (Naga Enchanter)           Turns: 6392, Time: 00:16:20

Health: -12/62     AC:  7    Str: 10    XL:     8   Next: 58%
Magic:  11/23      EV: 10    Int: 18    God:
Gold:   169        SH:  4    Dex: 12    Spells: 7/15 levels left

rFire    . . .     SeeInvis +   x - +1 dagger (venom)
rCold    . . .     Gourm    .   i - +0 buckler
rNeg     . . .     Faith    .   b - +0 robe
rPois    +         Spirit   .   f - +1 helmet
rElec    .         Reflect  .   (no cloak)
rCorr    .         Harm     .   m - +1 pair of gloves
MR       +....                  (no barding)
Stlth    ++++......             (no amulet)
HPRegen  0.20/turn              o - ring of magical power
MPRegen  0.18/turn              (no ring)

@: very slow
A: see invisible, deformed body, poison resistance, slowness 2, slow metabolism
1, spit poison 1, AC +2
a: Spit Poison


You were on level 8 of the Dungeon.
You were not hungry.

You visited 1 branch of the dungeon, and saw 6 of its levels.
You also visited: Sewer.

You collected 259 gold pieces.
You spent 90 gold pieces at shops.

Inventory:

Hand Weapons
 x - a +1 dagger of venom (weapon)
Armour
 b - a +0 robe (worn)
 f - a +1 helmet (worn)
 i - a +0 buckler (worn)
 m - a +1 pair of gloves (worn)
Jewellery
 j - a cursed ring of flight {unknown}
 o - a ring of magical power (left hand)
Wands
 p - a wand of flame (0/48)
 q - a wand of enslavement (11/24)
Scrolls
 e - a scroll of amnesia
 g - 6 scrolls of remove curse
 n - 5 scrolls of teleportation
 v - a scroll of magic mapping
Potions
 k - 3 potions of curing
 l - a potion of haste {unknown}
 r - a potion of magic {unknown}
 s - a potion of flight {unknown}
 t - a potion of brilliance {unknown}
 u - 2 potions of cancellation
 w - a potion of degeneration {unknown}
Books
 c - a book of Maledictions

   Spells                             Type                      Level
   a - Corona                         Hexes                        1
   b - Ensorcelled Hibernation        Hexes/Ice                    2
   c - Confuse                        Hexes                        3
   d - Tukima's Dance                 Hexes                        3
   e - Dazzling Spray                 Conjuration/Hexes            3
Comestibles
 a - a royal jelly
 d - 5 bread rations
 h - a meat ration


   Skills:
 + Level 3.3 Short Blades
 - Level 2.0 Dodging
 + Level 9.1 Stealth
 - Level 3.1 Shields
 - Level 4.0 Spellcasting
 + Level 5.7 Hexes
 + Level 2.4 Evocations


You had 7 spell levels left.
You knew the following spells:

 Your Spells              Type           Power        Failure   Level  Hunger
a - Tukima's Dance        Hex            ###.....     4%          3    ###....
b - Ensorcelled Hibernat  Hex/Ice        ##....       7%          2    ##.....
c - Confuse               Hex            ###.....     4%          3    ###....


Dungeon Overview and Level Annotations

Branches:
Dungeon (5/15)
 Temple: D:4-7

Altars:
Elyvilon
Gozag
Makhleb
Nemelex Xobeh
Qazlal
Vehumet
Xom
Zin


Innate Abilities, Weirdness & Mutations

You cannot wear boots.
Your serpentine skin is tough. (AC +2)
You have supernaturally acute eyesight. (SInv)
Armour fits poorly on your strangely shaped body.
Your system is resistant to poisons. (rPois)
You cover ground very slowly.
You have a slow metabolism.
You can spit poison.


Message History

You kill the big kobold!
Your Stealth skill increases to level 9!
The kobold closely misses you. The kobold hits you but does no damage.
You closely miss the kobold.
You kill the kobold!
The two-headed ogre looks more healthy.
The kobold hits you with a short sword.
* * * LOW HITPOINT WARNING * * *
You completely miss the kobold.
The two-headed ogre seems less confused.
The kobold hits you with a short sword.
* * * LOW HITPOINT WARNING * * *
Casting: Confuse
Confirm with . or Enter, or press ? or * to list all spells.
Aiming: Confuse
Press: ? - help, Shift-Dir - straight line, f/p - two-headed ogre
Aim: a two-headed ogre, wielding two giant spiked clubs (moderately wounded, chance to defeat MR: 36%)
The two-headed ogre easily resists.
You block the kobold's attack.
You feel better.
The two-headed ogre hits you with a giant spiked club!!
You die...

.. ...
....###
......K##
......O@##
....).††.#
..(......#
.........#
.........#
.........#
........##
.........
.......


You could see a two-headed ogre and a kobold.

Vanquished Creatures
  Sigmund (D:4)
  An orc warrior (D:5)
  A necrophage (D:5)
  3 big kobolds
  A wyvern skeleton (D:4)
  A scorpion (D:4)
  A crimson imp (D:4)
  3 hounds
  A bullfrog skeleton (D:4)
  An orc priest (D:5)
  A centaur skeleton (D:4)
  An orc wizard (D:5)
  An iguana (D:4)
  A worker ant (D:4)
  A hound skeleton (D:5)
  A worker ant zombie (D:5)
  Robin (D:2)
  6 gnolls
  10 adders
  2 river rats (Sewer)
  2 oozes (Sewer)
  7 worms
  3 leopard geckos
  13 orcs
  3 ball pythons (Sewer)
  7 giant cockroaches
  17 goblins
  6 hobgoblins
  8 jackals
  12 kobolds
  A quokka (D:5)
  10 bats
  10 frilled lizards
  A jackal skeleton (D:4)
  A quokka skeleton (D:4)
  7 rats
147 creatures vanquished.

Vanquished Creatures (collateral kills)
  A gnoll (D:5)
  A goblin (D:2)
2 creatures vanquished.

Vanquished Creatures (others)
  A gnoll (D:5)
  A leopard gecko (D:1)
  A rat (D:1)
3 creatures vanquished.

Grand Total: 152 creatures vanquished

Notes
Turn   | Place    | Note
-------+----------+-------------------------------------------
     0 | D:1      | KristoblXynda the Naga Enchanter began the quest for the Orb.
     0 | D:1      | Reached XP level 1. HP: 15/15 MP: 3/3
   229 | D:1      | HP: 1/22 [kobold (2)]
   231 | D:1      | Reached XP level 2. HP: 2/22 MP: 5/5
   569 | D:1      | Learned a level 2 spell: Ensorcelled Hibernation
   904 | D:1      | Reached skill level 5 in Stealth
  1026 | D:2      | Reached XP level 3. HP: 25/28 MP: 6/6
  1035 | D:2      | Learned a level 3 spell: Confuse
  1398 | D:2      | Reached XP level 4. HP: 36/36 MP: 0/7
  1760 | D:2      | Noticed Robin
  1772 | D:2      | Killed Robin
  1772 | D:2      | Reached skill level 1 in Shields
  2186 | D:2      | Reached XP level 5. HP: 38/42 MP: 9/9
  2586 | D:3      | Reached skill level 6 in Stealth
  3157 | D:3      | Found a shimmering altar of Xom.
  3159 | D:3      | Found a white marble altar of Elyvilon.
  3163 | D:3      | Found a stormy altar of Qazlal.
  3164 | D:3      | Found a sparkling altar of Nemelex Xobeh.
  3457 | D:3      | Found an opulent altar of Gozag.
  3592 | D:4      | Reached XP level 6. HP: 49/49 MP: 10/10
  3861 | D:4      | Reached skill level 7 in Stealth
  3877 | D:4      | Reached XP level 7. HP: 48/55 MP: 7/12
  3994 | D:4      | Found a glowing drain.
  4030 | D:4      | Noticed Sigmund
  4076 | Sewer    | Entered a sewer
  4314 | Sewer    | Learned a level 3 spell: Tukima's Dance
  4597 | D:4      | Killed Sigmund
  4597 | D:4      | Reached skill level 8 in Stealth
  4597 | D:4      | Reached skill level 5 in Hexes
  4727 | D:4      | Reached XP level 8. HP: 52/62 MP: 14/14
  4770 | D:4      | Found Zin's Purification Station.
  4772 | D:4      | Found a glowing silver altar of Zin.
  4775 | D:4      | Bought a potion of curing for 90 gold pieces
  4799 | D:4      | Found a burning altar of Makhleb.
  4800 | D:4      | Found a radiant altar of Vehumet.
  4920 | D:5      | Entered Level 5 of the Dungeon
  4965 | D:5      | Reached skill level 1 in Evocations
  6367 | D:5      | You fall through a shaft for 3 floors!
  6367 | D:8      | Noticed a two-headed ogre
  6388 | D:8      | Reached skill level 9 in Stealth
  6392 | D:8      | Mangled by a two-headed ogre

Vault maps used:
D:1:      lemuel_arrival_rhombus, st_stairs_8, lemuel_old_faithful
D:2:      uniq_robin
D:3:      nicolae_overflow_hidden_temple, minitemple, minmay_door_square
D:4:      grunt_temple_overflow_lords_of_destruction, zin_purify,
          portal_sewer_entry_e, first_bread, uniq_sigmund
D:5:      hangedman_decor_points, minmay_crystal_room,
          kennysheep_generic_room_16
D:8:      grunt_dithmenos_smoke_and_mirrors, eat_drink_and_be_merry_uskayaw,
          chequers_temple_overflow_minitemple, david_nohive_1, fedhas_altar_3,
          uniq_psyche, uniq_grum
Sewer:    sewer_co_15_rooms

Skill      XL: |  1  2  3  4  5  6  7  8 |
---------------+-------------------------+-----
Stealth        | 5 6 7 8 9 |  9.1
Dodging        | 2 |  2.0
Shields        | 1 2 3 |  3.1
Spellcasting   | 3 4 |  4.0
Hexes          | 4 5 |  5.7
Short Blades   | 2 3 |  3.3
Evocations     | 2 |  2.4

Action                   |  1- 3 |  4- 6 |  7- 9 || total
-------------------------+-------+-------+-------++-------
Melee: Dagger            |    89 |   194 |   223 ||   506
 Cast: Ensorcelled Hiber |    13 |    13 |    12 ||    38
       Confuse           |       |    10 |    20 ||    30
 Abil: Spit Poison       |     1 |    11 |     3 ||    15
Evoke: Wand              |       |     1 |     1 ||     2
  Use: Potion            |     2 |     2 |     3 ||     7
       Scroll            |     1 |    11 |     6 ||    18
 Stab: Sleeping          |    13 |    14 |    10 ||    37
       Confused          |       |     5 |     7 ||    12
       Distracted        |       |       |     1 ||     1
  Eat: Chunk             |     1 |     9 |     3 ||    13
       Royal jelly       |       |       |     1 ||     1
       Meat ration       |       |       |     1 ||     1
Armor: Skin              |    19 |       |       ||    19
       Robe              |    18 |    40 |    52 ||   110
Dodge: Dodged            |    55 |    80 |    91 ||   226
Block: Buckler           |       |    18 |    35 ||    53
